[Event "*** Titled Tuesday Blitz"]
[Site "Chess.com"]
[Date "2020.04.14"]
[Round "2"]
[White "Alonmindlin"]
[Black "krasavetc"]
[Result "1-0"]
[WhiteElo "2714"]
[BlackElo "2499"]
[TimeControl "180+1"]
[EndTime "10:18:24 PDT"]
[Termination "Alonmindlin won by resignation"]

1. d4 Nf6 2. c4 e6 3. Nc3 Bb4 4. e3 O-O 5. Bd3 d6 6. Nf3 Nbd7 7. O-O Bxc3 8. bxc3 e5 9. Nd2 b6 10. e4 Bb7 11. Re1 Re8 12. a4 a5 13. Bb2 Qe7 14.
Nf1 Ba6 15. Ne3 g6 16. f3 Nf8 17. Nd5 Nxd5 18. cxd5 Bxd3 19. Qxd3 Nd7 20. c4 f6 21.
Rac1 Rf8 22. Re2 exd4 23. Qxd4 Nc5 24. Qd1 Qd7 25. Ra1 Rae8 26. Bd4 h6 27. Qc2 Kh7 28. Bxc5 dxc5 29. Rae1 Qd6 30. Qc3 Qe5 31. Qd2 g5 32. g3 Kg7 33. f4 gxf4 34. gxf4 Qh5 35. e5 fxe5 36. fxe5 Kh7 37. Qd3+ Kh8 38. e6 Rg8+ 39.
Kh1 Rg4 40. Rg1 Reg8 41. Qc3+ Kh7 42. Qd3+ Kh8 43. Reg2 Rxg2 44. Rxg2 Rxg2 45. Kxg2 Qg4+ 46. Kf1 Qf4+ 47. Kg2 Qg4+ 48. Qg3 Qe2+ 49. Kh3 Qxc4 50. Qe5+ Kh7 51. Qxc7+ Kg6 52. Qf7+ Kg5 53. Qg7+ Kf5 54. e7 Qf1+ 55. Qg2 Qd3+ 56. Kh4 Qd4+ 57. Kh5 Qe3 58.
Qg6+ Kf4 59. Qxh6+ Kf3 60. Qxe3+ Kxe3 61. e8=Q+ 1-0

[Event "*** Titled Tuesday Blitz"]
[Site "Chess.com"]
[Date "2020.04.14"]
[Round "2"]
[White "arminmusovic"]
[Black "Ruchess27"]
[Result "0-1"]
[WhiteElo "2484"]
[BlackElo "2268"]
[TimeControl "180+1"]
[EndTime "10:18:24 PDT"]
[Termination "Ruchess27 won by resignation"]

1. a3 d5 2. Nc3 g6 3. e4 d4 4. Nce2 Bg7 5. Ng3 c5 6. Bb5+ Bd7 7. Bxd7+ Qxd7 8. d3 h5 9. h3 Nc6 10. N1e2 e6 11.
Bg5 Nge7 12. O-O e5 13. b4 h4 14. Nh1 f6 15. Bd2 cxb4 16. axb4 g5 17. b5 Nd8 18. b6 a6 19. Bb4 g4 20. hxg4 h3 21. f3 Bh6 22. Bd2 h2+ 23. Kf2 Ng6 24. g3 Ne6 25.
Kg2 Rc8 26. Nf2 Be3 27. Kh1 Qh7 28. Qe1 Rxc2 29. Bb4 Ng5 30. Nd1 Qh3 31. Rb1 Ra2 32.
Rb2 Ra1 33. Rc2 Kd8 34. Rc7 Rb1 35. Bd6 Rxb6 36. Nxe3 dxe3 37. Bc5 Kxc7 38. Bxb6+ Kxb6 39. Nc3 Kc7 40. Nd5+ Kb8 41. Nxe3 Ne7 42. Qb4 Nc6 43.
Qd6+ Ka8 44. Qxf6 Qh6 45. Qxh6 Rxh6 46. Nd5 Nd4 47. f4 exf4 48. gxf4 Ngf3 49. g5 Rh3 50. g6 Rg3 51. f5 Rg1+ 0-1

[Event "*** Titled Tuesday Blitz"]
[Site "Chess.com"]
[Date "2020.04.14"]
[Round "2"]
[White "TheBigBoss04"]
[Black "SaguriGuerra"]
[Result "1-0"]
[WhiteElo "2770"]
[BlackElo "2540"]
[TimeControl "180+1"]
[EndTime "10:18:25 PDT"]
[Termination "TheBigBoss04 won by checkmate"]

1. Nf3 d5 2. d4 g6 3. Bg5 Bg7 4.
e3 Nf6 5. Be2 O-O 6. O-O c5 7.
c3 Nc6 8. Nbd2 Qb6 9. Qb3 c4 10. Qxb6 axb6 11. a3 Bf5 12. Rfc1 Rfe8 13. h3 Nd7 14. g4 Be6 15. e4 b5 16. Be3 dxe4 17. Nxe4 Bd5 18. Nc5 Nxc5 19. dxc5 Rad8 20. Rd1 h6 21. Nd4 Nxd4 22. Bxd4 e5 23. Be3 Bc6 24.
Rd6 Bf8 25. Rxd8 Rxd8 26. a4 bxa4 27. Bxc4 Kg7 28. Re1 f5 29. f4 exf4 30. Bd4+ Kh7 31. gxf5 gxf5 32. Bd3 Rd5 33. Rf1 Bxc5 34. Rxf4 Bxd4+ 35. cxd4 Kg6 36. Kf2 Bb5 37. Bc2 Bd7 38. Ke3 Rb5 39.
Rf2 Rb6 40. Rg2+ Kf6 41. Bd3 Bc6 42. Rf2 Bd7 43. Bc4 Rb4 44. Kd3 Bb5 45. Bxb5 Rxb5 46.
Kc4 Rb6 47. d5 Rd6 48. Kc5 Rd8 49. d6 Ke5 50. Re2+ Kf6 51. Kd5 f4 52. Re7 f3 53.
Re3 b5 54. Rxf3+ Kg5 55. Rf7 b4 56. Rb7 a3 57. Rxb4 Ra8 58. bxa3 Rxa3 59. d7 Ra8 60. Ke6 Ra6+ 61. Ke7 Ra8 62. d8=Q Rxd8 63. Kxd8 h5 64. Ke7 h4 65. Ke6 Kh5 66. Kf6 Kh6 67. Rxh4# 1-0

[Event "*** Titled Tuesday Blitz"]
[Site "Chess.com"]
[Date "2020.04.14"]
[Round "2"]
[White "Spring199"]
[Black "econpower"]
[Result "0-1"]
[WhiteElo "2317"]
[BlackElo "2661"]
[TimeControl "180+1"]
[EndTime "10:18:25 PDT"]
[Termination "econpower won by checkmate"]

1. d4 d6 2. c4 g6 3. Nc3 Bg7 4. e4 Nd7 5. Nge2 e5 6. d5 Ne7 7.
Ng3 O-O 8. Bd3 a5 9. h4 h5 10. Bg5 Nc5 11. Bc2 b6 12. Qd2 f6 13. Bh6 Kh7 14.
Bxg7 Kxg7 15. O-O-O a4 16. a3 Bd7 17. Rdg1 Rf7 18. Nf1 Qh8 19. f3 Qh6 20. g4 Qxd2+ 21.
Kxd2 hxg4 22. fxg4 Rh8 23. h5 Kf8 24. Ne3 Rfh7 25. Bd1 Nb3+ 26. Kd3 Nc5+ 27. Kc2 Be8 28. Rf1 Kg7 29. Rhg1 Rf8 30. Rf2 c6 31. Kd2 cxd5 32. exd5 gxh5 33. gxh5+ Kh8 34. Rgf1 f5 35. Nxf5 Rhf7 36. Bg4 Bd7 37. Nb5 Nxf5 38. Bxf5 Rxf5 39. Rxf5 Rxf5 40. Rxf5 Bxf5 41. Nxd6 Ne4+ 42. Nxe4 Bxe4 43. Kc3 Kg7 44. Kb4 Bc2 45. c5 bxc5+ 46. Kxc5 Kh6 47. d6 Bf5 48. Kd5 e4 49. d7 Bxd7 50. Kxe4 Be6 51.
Kd4 Kxh5 52. Kc3 Bb3 53. Kd2 Kg4 54. Kc1 Kf3 55. Kb1 Ke2 56. Ka1 Kd1 57. Kb1 Bc2+ 58. Ka1 Kc1 59. Ka2 Be4 60. Ka1 Bb1 61. b4 axb3 62. a4 b2# 0-1

[Event "*** Titled Tuesday Blitz"]
[Site "Chess.com"]
[Date "2020.04.14"]
[Round "2"]
[White "lelya96"]
[Black "dmosesov"]
[Result "0-1"]
[WhiteElo "2264"]
[BlackElo "2507"]
[TimeControl "180+1"]
[EndTime "10:18:25 PDT"]
[Termination "dmosesov won by resignation"]

1. e4 c5 2. Nf3 d6 3. d4 cxd4 4. Nxd4 Nf6 5. Nc3 a6 6. Be2 e6 7.
O-O Nbd7 8. f4 Qc7 9. Kh1 Be7 10. Qe1 O-O 11. Qg3 b5 12. a3 Bb7 13. Bd3 Kh8 14. Bd2 Nc5 15. Rae1 Nfd7 16. b4 Nxd3 17. cxd3 Bf6 18. Nde2 Rac8 19. f5 Ne5 20. Nf4 Qe7 21. Nh5 Rg8 22. Nxf6 gxf6 23. Qh3 Rg7 24. Ne2 Rcg8 25.
Nf4 Bc8 26. Re2 exf5 27. exf5 Qa7 28. Nd5 Bb7 29. Nxf6 Qd4 30. Bf4 Nxd3 31. Bg3 Qxf6 32. Qh5 Ne5 33. Qh3 Ng4 34. Rd1 Qh6 35. Qxh6 Nxh6 36. Rxd6 Nxf5 37. Rb6 Nxg3+ 38. hxg3 Bd5 39. Kh2 Rxg3 40. Rxa6 Rxg2+ 41. Rxg2 Rxg2+ 42. Kh3 Ra2 43. Ra7 Bc4 44. Ra8+ Kg7 45. Ra7 Rb2 46. Ra6 Rb3+ 47. Kg4 f6 48. Kf5 Rf3+ 49. Ke4 Rf1 50. a4 bxa4 51. Rxa4 Kg6 52. Ra8 f5+ 53. Kd4 Bf7 54. b5 f4 55. b6 Rb1 56. Kc5 f3 57. Ra3 f2 58. Rg3+ Kh6 59. Rh3+ Kg5 60. Rf3 f1=Q 0-1

[Event "*** Titled Tuesday Blitz"]
[Site "Chess.com"]
[Date "2020.04.14"]
[Round "2"]
[White "checkmatequen"]
[Black "Vice64"]
[Result "0-1"]
[WhiteElo "2213"]
[BlackElo "2474"]
[TimeControl "180+1"]
[EndTime "10:18:25 PDT"]
[Termination "Vice64 won by resignation"]

1. e4 e5 2. Nf3 Nc6 3. Nc3 Nf6 4.
Bb5 Bb4 5. O-O O-O 6. d3 Bxc3 7. bxc3 d6 8. Bg5 Bd7 9. Re1 h6 10. Bh4 Qe7 11. d4 a6 12. Bd3 Bg4 13. d5 Nb8 14.
c4 Nbd7 15. h3 Bxf3 16. Qxf3 g6 17. Rab1 b6 18. a4 a5 19. c5 dxc5 20. Bb5 g5 21. Bg3 Kg7 22. Qf5 Rad8 23. h4 Nh5 24. hxg5 hxg5 25. Bxd7 Nxg3 26. fxg3 Rxd7 27. Rf1 Rd6 28. g4 Rh8 29. Rf3 Qf6 30. Rbf1 Qxf5 31. Rxf5 f6 32.
c4 Rh4 33. Kf2 Rxg4 34. Kf3 Rh4 35. g3 Rh2 36. Rf2 Rh1 37. Kg4 Re1 38. Kf3 Rc1 39.
Re2 Rc3+ 40. Kg4 Rxc4 41. Rff2 Rxa4 42. Kf5 Ra3 43. Rh2 Rxg3 44. Ref2 a4 45. Rh5 a3 46.
Rfh2 Rf3+ 47. Kg4 Rf4+ 48. Kg3 Rh4 49. R5xh4 gxh4+ 50. Kxh4 b5 51. Kg4 b4 52. Kf5 b3 53.
Rg2+ Kf7 54. Rh2 a2 55. Rh7+ Kg8 56. Rxc7 a1=Q 57. Rc8+ Kg7 58. Rc7+ Kh6 59. Rxc5 Qf1+ 60. Kg4 Qf4+ 61. Kh3 b2 62. Rb5 Qf1+ 63. Kg3 Qxb5 64.
Kg4 0-1

[Event "*** Titled Tuesday Blitz"]
[Site "Chess.com"]
[Date "2020.04.14"]
[Round "2"]
[White "afgano29"]
[Black "TomasKapitanchuk"]
[Result "1/2-1/2"]
[WhiteElo "2705"]
[BlackElo "2495"]
[TimeControl "180+1"]
[EndTime "10:18:26 PDT"]
[Termination "Game drawn by agreement"]

1. d4 Nf6 2. c4 c5 3. d5 e6 4. Nc3 exd5 5. cxd5 d6 6. e4 g6 7. Nf3 Bg7 8. h3 a6 9. a4 Nh5 10. Bg5 Bf6 11. Bh6 Ng7 12. Bd3 O-O 13.
O-O Nd7 14. Bf4 Qe7 15. Re1 Ne5 16. Be2 Nxf3+ 17. Bxf3 Be5 18. Qd2 Bd7 19. a5 Rab8 20.
Be2 Rfe8 21. Bf1 Nh5 22. Bxe5 Qxe5 23. g3 f5 24. exf5 Qxf5 25. Bg2 Rxe1+ 26. Rxe1 Re8 27. Rxe8+ Bxe8 28. Ne4 Qe5 29. f4 Qe7 30. Qc3 Bb5 31. Kf2 Bd7 32. Nd2 Nf6 33. Nc4 Bb5 34. Qe3 Kf7 35.
b3 Bxc4 36. bxc4 Qxe3+ 37. Kxe3 Nd7 38. Be4 b6 39. axb6 Nxb6 40. Kd3 Kf6 41. h4 a5 42. g4 h6 43. g5+ hxg5 44. hxg5+ Kf7 45. Kc3 Kg7 46. Bc2 Kf7 47. Be4 Kg7 48. Bf3 Kf7 49. Bg4 Kg7 50. Be6 Kf8 51. Kb3 Ke7 52. Bg8 Kf8 53.
Be6 Ke7 54. Bg4 Kf8 55. Bf3 Ke7 56. Be4 Kf7 57. Bd3 Kg7 58. Ka3 Kf7 59. Kb3 Kg7 1/2-1/2

[Event "*** Titled Tuesday Blitz"]
[Site "Chess.com"]
[Date "2020.04.14"]
[Round "2"]
[White "asimali1977"]
[Black "JLRHei"]
[Result "0-1"]
[WhiteElo "1970"]
[BlackElo "2376"]
[TimeControl "180+1"]
[EndTime "10:18:26 PDT"]
[Termination "JLRHei won by checkmate"]

1. Nf3 Nf6 2. g3 g6 3. Bg2 Bg7 4. O-O O-O 5. d3 d5 6. Nbd2 c6 7. e4 dxe4 8. dxe4 Bg4 9. h3 Be6 10. Qe2 Na6 11. Rd1 Qc8 12. Kh2 Nb4 13. Nc4 b5 14.
Na5 Nxa2 15. Bd2 c5 16. Ng5 Rb8 17. Nxe6 Qxe6 18. Nb3 c4 19. Nd4 Qb6 20. Rxa2 Qxd4 21. Bf4 Qb6 22. Bxb8 Rxb8 23. Rda1 Nh5 24. Rxa7 Bxb2 25.
R1a2 Qd4 26. Qe3 Qxe3 27. fxe3 Bf6 28. h4 Be5 29. Kh1 Nxg3+ 30. Kg1 Ne2+ 31. Kf1 Nc3 32. R2a6 b4 33. Ra8 Rxa8 34. Rxa8+ Kg7 35. Rc8 b3 36.
cxb3 cxb3 37. Rxc3 Bxc3 38. e5 b2 39. Be4 Bxe5 40.
Ke2 Bf6 41. h5 gxh5 42. Kf3 h4 43. Kg4 h5+ 44. Kh3 Kh6 45. Bb1 Kg5 46. e4 Kf4 47. e5 Kxe5 48. Bc2 Kd4 49. Bb1 Kc3 50.
Bf5 Kd2 51. Be4 Kc1 52. Bh7 b1=Q 53. Bxb1 Kxb1 54. Kg2 Kc2 55. Kh3 Kd2 56. Kg2 e5 57. Kh2 e4 58. Kg2 e3 59. Kh2 e2 60. Kg2 e1=Q 61. Kh3 Qg3# 0-1

[Event "*** Titled Tuesday Blitz"]
[Site "Chess.com"]
[Date "2020.04.14"]
[Round "2"]
[White "Bulldog167"]
[Black "florianschwabeneder"]
[Result "1-0"]
[WhiteElo "2746"]
[BlackElo "2525"]
[TimeControl "180+1"]
[EndTime "10:18:27 PDT"]
[Termination "Bulldog167 won by resignation"]

1. d4 Nf6 2. c4 c5 3. d5 e5 4. Nc3 d6 5. e4 Nbd7 6. g3 Be7 7.
Bg2 a6 8. Nf3 b5 9. Nd2 Rb8 10.
O-O O-O 11. b3 Ne8 12. Qc2 Nc7 13. a4 Bg5 14. Re1 g6 15. Bf1 b4 16. Nd1 f5 17.
exf5 gxf5 18. Rb1 Ne8 19. f4 exf4 20. Nf3 Bh6 21. Nf2 Ndf6 22. Nh3 Ne4 23. Bxf4 Bg7 24. Nhg5 N8f6 25. Bd3 h6 26. Ne6 Bxe6 27. dxe6 Qe7 28. Nd2 Qxe6 29. Nxe4 fxe4 30. Bxe4 Nxe4 31. Qxe4 Qxe4 32.
Rxe4 Rbe8 33. Rbe1 Rxe4 34. Rxe4 Bd4+ 35. Kg2 Rf6 36.
Re8+ Kf7 37. Ra8 Re6 38. Kf1 Be3 39. Rxa6 Bxf4 40. gxf4 Re3 41. Rxd6 Rxb3 42. Rc6 Rf3+ 43. Ke2 Rxf4 44. Rxc5 b3 45. Kd3 Rf2 46. Rb5 b2 47. h4 Ke7 48. Kc3 Rh2 49. Rxb2 Rxh4 50. a5 Rh1 51. Ra2 Rb1 52. a6 Rb8 53. c5 Kd7 54. Kc4 Kc6 55. Rg2 h5 56. Rg6+ Kc7 57. Rh6 Ra8 58. Rh7+ Kc6 59. Rxh5 Rxa6 60. Rh6+ Kb7 61. Rxa6 Kxa6 62. Kd5 Kb7 63. Kd6 1-0

[Event "*** Titled Tuesday Blitz"]
[Site "Chess.com"]
[Date "2020.04.14"]
[Round "2"]
[White "UCantHandleDenker"]
[Black "lilleper1"]
[Result "1-0"]
[WhiteElo "2570"]
[BlackElo "2787"]
[TimeControl "180+1"]
[EndTime "10:18:29 PDT"]
[Termination "UCantHandleDenker won by resignation"]

1. Nf3 c5 2. g3 Nc6 3. Bg2 g6 4. O-O Bg7 5. d3 d5 6. Nbd2 Nf6 7. e4 O-O 8. Re1 e5 9. exd5 Nxd5 10. a3 Re8 11.
Rb1 h6 12. Ne4 b6 13. c4 Nde7 14. b4 cxb4 15. axb4 Bb7 16. c5 Nf5 17. b5 Ncd4 18. c6 Bc8 19. Nxd4 Nxd4 20. Ba3 Re6 21. Rc1 Nxb5 22. Bb2 Qc7 23. Qb3 a6 24. Nd2 Re8 25.
Nc4 Be6 26. Qb4 Bf8 27. Qd2 f6 28. f4 Bc5+ 29. Kh1 Bd4 30. fxe5 Bxb2 31. Nxb2 fxe5 32. Qxh6 Bf7 33. Nc4 Rad8 34. Qg5 Qe7 35. Qxe7 Rxe7 36. Nxe5 Rde8 37. Nf3 Bd5 38. Rxe7 Rxe7 39. Ng5 Bxg2+ 40. Kxg2 Kg7 41. Ne4 Rc7 42. h4 Nd4 43. Rc4 Nxc6 44. Ng5 Kf6 45. g4 Rc8 46. Rf4+ Ke5 47. Kg3 Nd4 48.
Nf7+ Kd5 49. Rf6 Rc3 50. Rd6+ Kc5 51. Rxg6 Rxd3+ 52. Kf4 a5 53. h5 a4 54. Ne5 Rd1 55.
Rg8 a3 56. Rc8+ Kd6 57. Rd8+ Ke7 58. Rd7+ Ke6 59. Ra7 Rf1+ 60. Ke4 Nc2 61. Nd3 Rg1 62. Kf3 Ne1+ 63. Nxe1 Rxe1 64. Rxa3 Rh1 65. Re3+ Kf6 66. Kf4 Rf1+ 67. Rf3 b5 68. Rxf1 1-0

[Event "*** Titled Tuesday Blitz"]
[Site "Chess.com"]
[Date "2020.04.14"]
[Round "2"]
[White "Kimster98"]
[Black "XDPS"]
[Result "1/2-1/2"]
[WhiteElo "2532"]
[BlackElo "2737"]
[TimeControl "180+1"]
[EndTime "10:18:30 PDT"]
[Termination "Game drawn - insufficient material"]

1. d4 d5 2. Bf4 e6 3. e3 Bd6 4.
Bg3 Nf6 5. Nd2 c5 6. c3 O-O 7. Bd3 Qc7 8. dxc5 Qxc5 9. Ngf3 Nbd7 10. Bxd6 Qxd6 11. e4 dxe4 12. Nxe4 Nxe4 13. Bxe4 Qc7 14. O-O Nf6 15. Bc2 b6 16. Qe2 Bb7 17. Ne5 Rad8 18.
Rad1 Qc5 19. Kh1 Bd5 20. a3 h6 21. Rfe1 b5 22. h3 a6 23. Qe3 Qc7 24. Kg1 Rd6 25.
Rd4 Rfd8 26. Red1 Bb7 27. Rxd6 Rxd6 28. Rxd6 Qxd6 29. f4 Nd5 30. Qd2 Qc5+ 31. Kh2 Qe3 32. Qxe3 Nxe3 33. Bd3 Nxg2 34. Kg3 Ne3 35. c4 bxc4 36.
Nxc4 Nxc4 37. Bxc4 a5 38. b4 axb4 39. axb4 Kf8 40.
h4 Ke7 41. Kf2 Kd6 42. Ke3 Bd5 43. Be2 f6 44. Kd4 e5+ 45. fxe5+ fxe5+ 46. Ke3 g5 47.
hxg5 hxg5 48. Kf2 e4 49. Ke3 Ke5 50. Bg4 Bc6 51. Bh3 Bb5 52. Bg4 Bd3 53. Bd7 Kd6 54. Bf5 Kd5 55. Bd7 Bc2 56. b5 Kc5 57. Bc6 Bd3 58. Bxe4 Bxb5 59. Kf2 Bd7 60. Kg3 Kd4 61.
Bf3 Ke5 62. Be2 Bf5 63. Bf3 Be4 64. Bxe4 Kxe4 65. Kg4 Ke5 66. Kxg5 1/2-1/2

[Event "*** Titled Tuesday Blitz"]
[Site "Chess.com"]
[Date "2020.04.14"]
[Round "2"]
[White "mirochka"]
[Black "Keks2017"]
[Result "1-0"]
[WhiteElo "2357"]
[BlackElo "2473"]
[TimeControl "180+1"]
[EndTime "10:18:30 PDT"]
[Termination "mirochka won on time"]

1. e4 d6 2. d4 Nf6 3. Nc3 g6 4. Bg5 Bg7 5. Qd2 c6 6. f4 O-O 7. Nf3 b5 8. Bd3 Bg4 9. O-O Nbd7 10. h3 Bxf3 11. Rxf3 Qb6 12. Ne2 Rae8 13. f5 d5 14. exd5 Nxd5 15. c3 N7f6 16. Bh6 a6 17. Raf1 c5 18.
Kh1 Rd8 19. Bxg7 Kxg7 20. fxg6 hxg6 21. Qg5 Rh8 22. dxc5 Qxc5 23. Nd4 Qc8 24. Re1 Rh5 25. Qg3 Qg4 26. Qh2 Qh4 27. Ref1 Qg5 28. Rg3 Qd2 29. Bxg6 fxg6 30. Ne6+ Kh7 31. Nxd8 Ne3 32. Rg1 Nf5 33. Rf3 Qxd8 34. g4 Nh4 35. Rxf6 Qd5+ 36. Rg2 Nxg2 37. Qxg2 Qxg2+ 38. Kxg2 Re5 39. Rf2 Kg7 40. Rd2 Re3 41. Rd7 Kf6 42. Ra7 Re2+ 43. Kf3 Rxb2 44. Rxa6+ e6 45. Rb6 Rxa2 46. Rxb5 Ra3 47. Rc5 g5 48. Ke4 Ra1 49. Rc8 Rh1 50. Rf8+ Ke7 51. Rf3 Kd6 52. c4 Re1+ 53. Re3 1-0

[Event "*** Titled Tuesday Blitz"]
[Site "Chess.com"]
[Date "2020.04.14"]
[Round "2"]
[White "adiosabu"]
[Black "almatyonelove"]
[Result "1-0"]
[WhiteElo "2523"]
[BlackElo "2699"]
[TimeControl "180+1"]
[EndTime "10:18:31 PDT"]
[Termination "adiosabu won by resignation"]

1. e4 e5 2. Nf3 Nc6 3. Bb5 a6 4. Ba4 Nf6 5. O-O Be7 6. d3 b5 7. Bb3 O-O 8. Nc3 d6 9. a3 Bb7 10. Ba2 Nd7 11. Nd5 Nc5 12. b4 Ne6 13. c3 Nb8 14. d4 Nd7 15. h3 Re8 16. Nxe7+ Qxe7 17. d5 Nef8 18. c4 Ng6 19. Bg5 f6 20. Be3 Rf8 21.
Qc2 Rac8 22. cxb5 axb5 23. Qd3 f5 24. Qxb5 fxe4 25. Ng5 Ba8 26. Nxe4 h6 27. Rac1 Nf4 28. f3 Kh8 29. Kh2 Nf6 30. Bxf4 exf4 31. Nxf6 Qxf6 32. Bb1 Qg5 33. Rfd1 g6 34. Qd7 Bxd5 35. Rxd5 Qxd5 36. Bxg6 Qg8 37. Be4 Qg7 38. Qe6 Rg8 39. Rc2 Rce8 40.
Qf5 Ref8 41. Qb5 Qg3+ 42. Kh1 Rg5 43. Qd7 Rg7 44. Qe6 Qg5 45. Kg1 Re7 46. Qc4 Rd8 47. Qd4+ Qe5 48. Qd3 d5 49. Rc5 Qa1+ 50. Kh2 dxe4 51.
Qxd8+ 1-0

[Event "*** Titled Tuesday Blitz"]
[Site "Chess.com"]
[Date "2020.04.14"]
[Round "2"]
[White "Efremov_Vlad"]
[Black "profofchess"]
[Result "0-1"]
[WhiteElo "2113"]
[BlackElo "2403"]
[TimeControl "180+1"]
[EndTime "10:18:32 PDT"]
[Termination "profofchess won on time"]

1. d4 Nf6 2. c4 c5 3. d5 e6 4. Nf3 exd5 5. cxd5 d6 6. Nc3 g6 7. Bf4 a6 8. a4 Bg7 9. h3 O-O 10. e3 Qe7 11. Be2 Nbd7 12. O-O Ne8 13. Nd2 Ne5 14. Bh2 f5 15. Qc2 Rb8 16. a5 Bd7 17. Rfe1 Nc7 18. f4 Nf7 19. Bf3 Nb5 20. Nxb5 Bxb5 21. e4 Bd4+ 22. Kh1 Qf6 23. Nb3 fxe4 24. Nxd4 exf3 25. Nxf3 Rfe8 26. Qd2 Bc4 27. Rac1 Bb3 28. Rc3 Ba4 29. b3 Bb5 30. Rce3 Rxe3 31. Rxe3 Re8 32. Rxe8+ Bxe8 33. Qe1 Bb5 34. Qe6 Kg7 35. Qxf6+ Kxf6 36. g4 Bd3 37. Nd2 Bc2 38. Kg1 Ke7 39. Kf2 Kd7 40. Ke3 Kc7 41. Bg3 b6 42. axb6+ Kxb6 43. Bh4 Kc7 44.
Bf6 Kb6 45. Be7 Kb5 46. f5 gxf5 0-1

[Event "*** Titled Tuesday Blitz"]
[Site "Chess.com"]
[Date "2020.04.14"]
[Round "2"]
[White "Chessmasterzt"]
[Black "kekic76"]
[Result "1-0"]
[WhiteElo "2542"]
[BlackElo "2285"]
[TimeControl "180+1"]
[EndTime "10:18:33 PDT"]
[Termination "Chessmasterzt won by resignation"]

1. d4 Nf6 2. Nf3 e6 3. g3 d5 4. Bg2 c5 5. c4 Nc6 6. O-O dxc4 7.
dxc5 Qxd1 8. Rxd1 Bxc5 9. Nfd2 Na5 10. Na3 Bxa3 11. bxa3 Bd7 12. Bb2 O-O 13. Bc3 Nc6 14.
Nxc4 Nd5 15. Bb2 Rfd8 16. Nd6 Rab8 17. Rac1 Nde7 18. f4 f6 19. Kf2 Be8 20. Nxe8 Rxe8 21. Rd7 Kf7 22. a4 Red8 23. Rcd1 Ke8 24. R7d3 Rxd3 25.
Rxd3 Rd8 26. Rb3 Rd7 27. g4 Kf7 28. Ba3 g6 29. h3 f5 30. Rc3 Nd5 31. Rd3 Nb6 32.
Rxd7+ Nxd7 33. e4 a6 34. exf5 gxf5 35. g5 Ne7 36. Bxb7 a5 37. Ba6 Nd5 38. Bb5 N7b6 39.
Kf3 Nc3 40. Bc1 Nxa2 41. Bd2 Nb4 42. h4 N6d5 43. Ke2 Nc7 44. Bc4 Ke7 45. Bxb4+ axb4 46.
a5 Kd6 47. h5 Kc5 48. g6 hxg6 49. h6 Kxc4 50. h7 b3 51. h8=Q Nb5 52. Qb2 Nd4+ 53.
Kd1 g5 54. a6 gxf4 55. a7 f3 56. a8=Q f2 57. Qc8+ Kd3 58. Qxf2 e5 59. Qd2+ Ke4 60.
Qb7+ 1-0

[Event "*** Titled Tuesday Blitz"]
[Site "Chess.com"]
[Date "2020.04.14"]
[Round "2"]
[White "AwareIdea"]
[Black "kpio91"]
[Result "1/2-1/2"]
[WhiteElo "2538"]
[BlackElo "2751"]
[TimeControl "180+1"]
[EndTime "10:18:34 PDT"]
[Termination "Game drawn by repetition"]

1. d4 f5 2. Bf4 Nf6 3. e3 g6 4. Nf3 Bg7 5. h3 O-O 6. Be2 d6 7. O-O Nc6 8. Bh2 Ne4 9. Nbd2 Nxd2 10. Nxd2 e5 11. dxe5 dxe5 12. Nc4 Qe7 13. c3 Kh8 14. Qb3 Rb8 15. Qa3 Qf7 16. Na5 Bd7 17. Bc4 Qe7 18.
Qxe7 Nxe7 19. Rfd1 Be8 20. Rd2 b6 21. Nb3 a5 22.
Rad1 Bc6 23. Nc1 f4 24. exf4 exf4 25. Nd3 g5 26. h4 h6 27. hxg5 hxg5 28. Ne1 Ng6 29. Bd5 Bxd5 30. Rxd5 Ne5 31. Nd3 Rbe8 32. Nxe5 Bxe5 33. Kf1 Kg7 34. Bg1 Kf6 35. Re1 Re6 36.
f3 Rfe8 37. Rdxe5 Rxe5 38. Bd4 Kf5 39. Bxe5 Rxe5 40. Rd1 Ke6 41. Rd8 Rb5 42. b3 Rd5 43. Rxd5 Kxd5 44. Ke2 b5 45. Kd3 b4 46. Kd2 c6 47. Kd3 bxc3 48. Kxc3 Kc5 49. a3 Kd5 50. b4 axb4+ 51. axb4 Ke5 52. Kc4 Kd6 53. Kd4 Ke6 54.
Kc5 Kd7 55. Kd4 Kd6 56. Ke4 Ke6 57. Kd4 Kd6 58. Ke4 Ke6 59. Kd4 Kd6 1/2-1/2

[Event "*** Titled Tuesday Blitz"]
[Site "Chess.com"]
[Date "2020.04.14"]
[Round "2"]
[White "GMHess"]
[Black "Agent-JL"]
[Result "1/2-1/2"]
[WhiteElo "2805"]
[BlackElo "2568"]
[TimeControl "180+1"]
[EndTime "10:18:35 PDT"]
[Termination "Game drawn - insufficient material"]

1. b3 a5 2. c4 a4 3. bxa4 e5 4.
Bb2 Nc6 5. Nc3 Nf6 6. g3 Bc5 7. Bg2 d6 8. Nf3 Be6 9. d3 O-O 10. O-O h6 11. Nd2 Bb6 12. Nd5 Bxd5 13. cxd5 Ne7 14.
e4 Nd7 15. Nc4 f5 16. Bc3 f4 17. Bh3 Ba7 18. Qg4 Nc5 19. Nxe5 dxe5 20. Bxe5 Rf7 21. Qe2 f3 22. Qc2 Rf8 23. d4 Nd7 24. Bxc7 Qe8 25.
Rad1 Nf6 26. d6 Nc6 27. e5 Nh7 28. Qc4+ Kh8 29. e6 Qh5 30. Kh1 Qxh3 31. Rg1 Rf5 32.
Qf1 Ng5 33. Qxh3 Nxh3 34. Rgf1 Nxd4 35. e7 Nc6 36. d7 Nxe7 37. d8=Q+ Rxd8 38. Rxd8+ Kh7 39.
Rd7 Nc6 40. Bd6 Nxf2+ 41. Rxf2 Bxf2 42. Rxb7 Bd4 43. Rb1 f2 44. Kg2 Na5 45. Rc1 Nc4 46. Bf4 g5 47. Rxc4 gxf4 48. Rxd4 fxg3 49. Rd1 gxh2 50.
Rf1 h5 51. Kxh2 Kg6 52. Kg3 Ra5 53. Rxf2 Rxa4 54. Kg2 Kg5 55. Kh2 Kg4 56. Rb2 h4 57.
Rg2+ Kf3 58. Rb2 Kg4 59. Rg2+ Kf3 60. Kh3 Rb4 61. Rc2 Ke3 62. Rc3+ Kd2 63. Rb3 Rxb3+ 64.
axb3 Kc3 65. Kxh4 Kb4 66. Kg5 Kxb3 1/2-1/2

[Event "*** Titled Tuesday Blitz"]
[Site "Chess.com"]
[Date "2020.04.14"]
[Round "2"]
[White "AlleyOoper"]
[Black "IMTominho"]
[Result "0-1"]
[WhiteElo "2575"]
[BlackElo "2847"]
[TimeControl "180+1"]
[EndTime "10:18:36 PDT"]
[Termination "IMTominho won by resignation"]

1. d4 d5 2. Bf4 Nf6 3. e3 c5 4. Nf3 Nc6 5. Nbd2 e6 6. c3 Bd6 7. Bg3 O-O 8. Bd3 b6 9. Qe2 Bb7 10. Rd1 Qc7 11. e4 dxe4 12. Nxe4 Nxe4 13. Qxe4 g6 14.
dxc5 bxc5 15. Bxd6 Qxd6 16. Ba6 Qc7 17. Bxb7 Qxb7 18.
Ne5 Rac8 19. Rd7 Qb5 20. a4 Qxb2 21. Nxc6 Qxc3+ 22. Ke2 Qb2+ 23. Rd2 Qb7 24. Rd6 Qb2+ 25. Ke3 Qc3+ 26. Rd3 Qf6 27. Rc1 Qg5+ 28. f4 Qh4 29. g3 Qxh2 30. Ne7+ Kg7 31. Nxc8 Qxg3+ 32. Kd2 Qf2+ 33.
Qe2 Qxf4+ 34. Qe3 Qb4+ 35. Ke2 Rxc8 36. Qe5+ Kg8 37. Rc2 Qg4+ 38. Kd2 c4 39. Rd4 Qg2+ 40. Kc3 Qf3+ 41. Kd2 Qf2+ 42. Kc3 Qf3+ 43. Kd2 c3+ 44. Ke1 Qh1+ 45. Ke2 Qg2+ 46. Kd3 Qf1+ 47. Qe2 Qf5+ 48. Qe4 Qf1+ 49. Qe2 Qh3+ 50. Qe3 Qf5+ 51. Qe4 Qh5 52. Rxc3 Qd1+ 53. Ke3 Rxc3+ 54. Kf4 Qf1+ 55. Ke5 Kg7 56.
Kd6 Qf6 57. Kd7 a5 58. Rd6 Rc5 59. Qd3 Rd5 60. Rxd5 exd5 61. Qxd5 Qf5+ 62. Qxf5 gxf5 0-1

[Event "*** Titled Tuesday Blitz"]
[Site "Chess.com"]
[Date "2020.04.14"]
[Round "2"]
[White "LiamVrolijk"]
[Black "ChessicallyInclined"]
[Result "0-1"]
[WhiteElo "2791"]
[BlackElo "2577"]
[TimeControl "180+1"]
[EndTime "10:18:36 PDT"]
[Termination "ChessicallyInclined won on time"]

1. d4 Nf6 2. c4 e6 3. Nf3 b6 4. g3 Ba6 5. b3 Bb4+ 6. Bd2 Be7 7.
Nc3 d5 8. cxd5 exd5 9. Bg2 O-O 10. O-O Re8 11. Qc2 Bb4 12. Rfe1 Nbd7 13. a3 Bd6 14. Bg5 h6 15. Bxf6 Nxf6 16. e3 Qd7 17. b4 Bb7 18. Rec1 a6 19. Ne1 Rac8 20. Qb3 Qe6 21. Nd3 Ne4 22. Nxe4 dxe4 23. Qxe6 Rxe6 24. Nb2 c5 25. bxc5 bxc5 26. Bh3 cxd4 27. Bxe6 fxe6 28. Rxc8+ Bxc8 29. exd4 Bb7 30. Nc4 Be7 31. a4 Bd5 32. Ne5 Bb4 33. Rc1 a5 34. Nc6 Bd2 35. Rc2 e3 36. Kf1 Bb3 37.
Ne7+ Kf7 38. Rc7 Bxa4 39. fxe3 Bd1 40. Kf2 a4 41. Ra7 Bb3 42. Nd5+ Kg6 43. Nb6 Kf5 44.
Nxa4 Bd5 45. Nc5 g5 46. h3 Kg6 47. Ra6 Kf5 48. g4+ Kf6 49. e4 Bc4 50. Ra4 Bb5 51. e5+ Kf7 52. Rb4 Bxb4 53. Ne4 Bc6 54. Ke3 Bd5 55.
Kf2 Bxe4 56. h4 Bd5 57. h5 Ke7 58. Ke3 Kd7 59. Kd3 Kc6 60. Kc2 Kb5 0-1